 Dungeon Sprint DCSS version 0.19.1 (webtiles) character file.

7487 KingBobo974 the Brawler (level 10, -6/101 (102) HPs)
             Began as a Troll Berserker on Dec 10, 2016.
             Was the Champion of Trog.
             Mangled by an unseen horror (7 damage)
             ... in the Dungeon (Sprint I: "Red Sonja").
             The game lasted 00:10:42 (836 turns).

KingBobo974 the Brawler (Troll Berserker)            Turns: 836, Time: 00:10:43

HP:   -6/101 (102)  AC:  3    Str: 32    XL:     10   Next: 94%
MP:   9/9           EV: 14    Int:  3    God:    Trog [******]
Gold: 472           SH:  0    Dex:  9    Spells: 0 memorised, 9 levels left

rFire  + . .     SeeInvis .       - Unarmed
rCold  . . .     Gourm    +     c - +0 troll leather armour
rNeg   . . .     Faith    .     (no shield)
rPois  .         Spirit   .     (helmet restricted)
rElec  .         Reflect  .     (no cloak)
rCorr  .         Harm     .     (gloves unavailable)
MR     .....     Rnd*Rage +     (boots unavailable)
Stlth  +......... NoTele   +    (no amulet)
                                (no ring)
                                (no ring)

@: exhausted, corroded, very slightly contaminated
A: unfitting armour, claws 3, berserk 1, deterioration 1, fire resistance 1,
fast metabolism 3, frail 1, gourmand, regeneration 1, shaggy fur 1, strong 1,
tough skin 2, MP-powered wands
a: Berserk, Trog's Hand, Brothers in Arms, Burn Spellbooks, Renounce Religion


You were in the Dungeon.
You worshipped Trog.
Trog was exalted by your worship.
You were not hungry.

You visited 1 branch You collected 759 gold pieces.
You spent 287 gold pieces at shops.

Inventory:

Hand Weapons
 j - a +3 great sword of holy wrath
 l - the +4 giant spiked club "Seicw" {holy, rC++ MR+, unknown}
   (Trog gifted it to you in the Dungeon)

   It has been blessed by the Shining One to cause great damage to the undead
   and demons.
   It greatly protects you from cold.
   It affects your resistance to hostile enchantments.
Armour
 a - a +0 animal skin
 c - a +0 troll leather armour (worn)
Wands
 b - a wand of enslavement (20/24)
Scrolls
 h - a scroll of blinking
 i - a scroll of fog {unknown}
Potions
 e - a potion of haste
 f - 2 potions of magic
 g - a potion of berserk rage
 k - a potion of brilliance {unknown}


   Skills:
 + Level 11.5 Fighting
 + Level 11.5 Dodging
 * Level 17.9 Unarmed Combat


You had 9 spell levels left.
You didn't know any spells.

Dungeon Overview and Level Annotations

Branches:
Dungeon (1/1)

Altars:
Cheibriados
Dithmenos
Elyvilon
Fedhas
Gozag
Hepliaklqana
Kikubaaqudgha
Makhleb
Nemelex Xobeh
Okawaru
Qazlal
Ru
Sif Muna
Trog
Uskayaw
Vehumet
Xom
Yredelemnul
Zin
The Shining One
Jiyva
Lugonu

Shops:
D [(


Innate Abilities, Weirdness & Mutations

You are too large for most types of armour.
You have claws for hands.
Your metabolism is lightning-fast.
You like to eat raw meat.
Your natural rate of healing is unusually fast.
You are covered in fur. (AC +1)
You have very tough skin. (AC +2)
You tend to lose your temper in combat.
Your body sometimes deteriorates upon taking damage.
Your flesh is heat resistant. (rF+)
You are frail. (-10% HP)
Your muscles are strong. (Str +2)
You expend magic power (3 MP) to strengthen your wands.


Message History

* * * LOW HITPOINT WARNING * * *
The jelly barely misses you.
You open the door.
You hear a splashing noise.
The jelly hits you.
* * * LOW HITPOINT WARNING * * *
The acid corrodes you!
You are splashed with acid!
The acid burns!
* * * LOW HITPOINT WARNING * * *
Something hits you.
* * * LOW HITPOINT WARNING * * *
Something hits you.
* * * LOW HITPOINT WARNING * * *
The necrophage closely misses you. Something hits you but does no damage.
There is an open door here.
Something hits you.
* * * LOW HITPOINT WARNING * * *
Something hits you!
* * * LOW HITPOINT WARNING * * *
Something hits you!
You die...

###################
#<.#..').#.)'..#__#
#..)..#..'..#..'..+
#..#####'#####'#__####
#..####..#...#(####§.####
#..#__####..##§#n{§§§#..#
#..#_____##'#.§J≈§§§{§%.#
#⌠⌠#_.∩...'.(@{#Jn)..#J.#
####_..__##_.#'##'#####J###
#_____###'#.#.§..# #.†n#
############.####'### ###.#
#∩....(...'.()'†....+ #.#
###''''####...####### #§#
#.......####.###. #{#
#........# #+# #.. .§#
#..#.....# #+..######n#


You could see a jelly.

Vanquished Creatures
  2 centaur warriors (D)
  Sonja (D)
  A deep troll (D)
  An oklob plant (D)
  8 shining eyes (D)
  A hornet (D)
  A slime creature (D)
  Sigmund (D)
  2 redbacks (D)
  A yak (D)
  5 floating eyes (D)
  An ogre (D)
  4 jellies (D)
  Ijyb (D)
30 creatures vanquished.

Notes
Turn   | Place    | Note
-------+----------+-------------------------------------------
     0 | D        | KingBobo974 the Troll Berserker began the quest for the Orb.
     0 | D        | Reached XP level 1. HP: 22/22 MP: 0/0
     2 | D        | Noticed Ijyb
     8 | D        | Killed Ijyb
     8 | D        | Reached skill level 5 in Unarmed Combat
     8 | D        | Reached XP level 2. HP: 31/31 MP: 1/1
    60 | D        | Noticed an ogre
    64 | D        | Killed an ogre
    64 | D        | Reached skill level 7 in Unarmed Combat
    64 | D        | Reached XP level 3. HP: 34/40 MP: 2/2
    64 | D        | Reached XP level 4. HP: 41/49 MP: 3/3
   108 | D        | Noticed Sigmund
   113 | D        | Killed Sigmund
   113 | D        | Reached ** piety under Trog
   113 | D        | Reached skill level 5 in Fighting
   113 | D        | Reached skill level 5 in Dodging
   113 | D        | Reached skill level 9 in Unarmed Combat
   113 | D        | Reached XP level 5. HP: 59/59 MP: 4/4
   113 | D        | Reached XP level 6. HP: 67/67 MP: 5/5
   126 | D        | Found a deep blue altar of Sif Muna.
   128 | D        | Found a radiant altar of Vehumet.
   159 | D        | Found Qioqe's Weapon Emporium.
   159 | D        | Found an ancient bone altar of Kikubaaqudgha.
   159 | D        | Found a hazy altar of Hepliaklqana.
   159 | D        | Found a stormy altar of Qazlal.
   159 | D        | Found a hide-covered altar of Uskayaw.
   159 | D        | Found a blossoming altar of Fedhas.
   159 | D        | Found a bloodstained altar of Trog.
   159 | D        | Found an iron altar of Okawaru.
   159 | D        | Found a basalt altar of Yredelemnul.
   159 | D        | Found a glowing golden altar of the Shining One.
   159 | D        | Found a snail-covered altar of Cheibriados.
   159 | D        | Found a sacrificial altar of Ru.
   159 | D        | Found a glowing silver altar of Zin.
   159 | D        | Found a shadowy altar of Dithmenos.
   159 | D        | Found a white marble altar of Elyvilon.
   159 | D        | Noticed a yak
   164 | D        | Killed a yak
   164 | D        | Reached skill level 10 in Unarmed Combat
   165 | D        | Found an opulent altar of Gozag.
   166 | D        | Found a sparkling altar of Nemelex Xobeh.
   170 | D        | Bought a +3 great sword of holy wrath for 287 gold pieces
   211 | D        | Found a burning altar of Makhleb.
   211 | D        | Found a viscous altar of Jiyva.
   211 | D        | Found a shimmering altar of Xom.
   211 | D        | Found a corrupted altar of Lugonu.
   211 | D        | Noticed a slime creature
   221 | D        | Killed a slime creature
   221 | D        | Reached *** piety under Trog
   221 | D        | Reached skill level 11 in Unarmed Combat
   221 | D        | Reached XP level 7. HP: 20/78 MP: 6/6
   338 | D        | Noticed Sonja
   348 | D        | Killed Sonja
   348 | D        | Reached skill level 12 in Unarmed Combat
   348 | D        | Reached XP level 8. HP: 30/88 MP: 7/7
   427 | D        | Found Cioruyqa's Armour Boutique.
   442 | D        | Noticed a shining eye
   442 | D        | Noticed a shining eye
   442 | D        | Noticed a shining eye
   442 | D        | Noticed a shining eye
   442 | D        | Noticed a shining eye
   442 | D        | Noticed a shining eye
   442 | D        | Gained mutation: Your flesh is heat resistant. (rF+) [a shining eye]
   443 | D        | Paralysed by a floating eye for 2 turns
   443 | D        | Gained mutation: You are agile. (Dex +2) [a shining eye]
   446 | D        | Reached skill level 13 in Unarmed Combat
   447 | D        | Killed a shining eye
   449 | D        | Killed a shining eye
   449 | D        | Reached **** piety under Trog
   449 | D        | Reached skill level 14 in Unarmed Combat
   449 | D        | Reached XP level 9. HP: 98/98 MP: 8/8
   450 | D        | Paralysed by a floating eye for 3 turns
   453 | D        | Gained mutation: You expend magic power (3 MP) to strengthen your wands. [a shining eye]
   456 | D        | Killed a shining eye
   456 | D        | Received a gift from Trog
   456 | D        | Gained mutation: You are frail. (-10% HP) [a shining eye]
   458 | D        | Killed a shining eye
   458 | D        | Reached skill level 15 in Unarmed Combat
   460 | D        | Killed a shining eye
   460 | D        | Reached skill level 10 in Dodging
   462 | D        | Killed a shining eye
   462 | D        | Reached ***** piety under Trog
   462 | D        | Reached skill level 10 in Fighting
   465 | D        | Noticed a shining eye
   465 | D        | Noticed a shining eye
   468 | D        | Paralysed by a floating eye for 3 turns
   468 | D        | Lost mutation: You are agile. (Dex +2) [a shining eye]
   469 | D        | Gained mutation: Your muscles are strong. (Str +2) [a shining eye]
   472 | D        | Gained mutation: You tend to lose your temper in combat. [a shining eye]
   473 | D        | Gained mutation: Your body sometimes deteriorates upon taking damage. [a shining eye]
   475 | D        | Killed a shining eye
   475 | D        | Reached skill level 16 in Unarmed Combat
   475 | D        | Reached XP level 10. HP: 99/99 MP: 9/9
   476 | D        | Paralysed by a floating eye for 3 turns
   479 | D        | Killed a shining eye
   522 | D        | Noticed a deep troll
   526 | D        | Killed a deep troll
   583 | D        | Noticed a centaur warrior
   584 | D        | Noticed a centaur warrior
   589 | D        | Killed a centaur warrior
   589 | D        | Reached skill level 17 in Unarmed Combat
   593 | D        | Killed a centaur warrior
   642 | D        | Paralysed by a hornet for 1 turns
   723 | D        | Noticed an oklob plant
   730 | D        | Killed an oklob plant
   772 | D        | Reached ****** piety under Trog
   772 | D        | Received a gift from Trog
   788 | D        | Got a scorched giant spiked club {god gift}
   836 | D        | HP: 1/101 [something (7)]
   836 | D        | Mangled by an unseen horror

Skill      XL: |  1  2  3  4  5  6  7  8  9 10 |
---------------+-------------------------------+-----
Fighting       | 3 4 5 7 8 9 10 11 | 11.5
Dodging        | 3 4 5 7 8 9 10 11 | 11.5
Unarmed Combat | 5 7 9 11 12 14 16 17 | 17.9

Action                   |  1- 3 |  4- 6 |  7- 9 | 10-12 || total
-------------------------+-------+-------+-------+-------++-------
Melee: Unarmed           |     8 |    18 |    26 |    38 ||    90
       Punch             |       |       |     2 |     7 ||     9
Invok: Berserk           |     2 |     1 |     2 |     3 ||     8
       Trog's Hand       |       |       |     2 |     1 ||     3
  Use: Potion            |       |       |     1 |     1 ||     2
       Scroll            |       |       |       |     3 ||     3
  Eat: Bread ration      |       |     1 |     1 |       ||     2
       Chunk             |       |       |       |     5 ||     5
Armor: Animal skin       |     2 |     3 |     3 |       ||     8
       Troll leather arm |       |       |       |    17 ||    17
Dodge: Dodged            |       |     2 |     9 |    40 ||    51
